 Dungeon Crawl Stone Soup version 0.28-a0-1389-gc726bef33b (webtiles) character file.

Game seed: 10129202545878313530

33 Warped the Shield-Bearer (level 3, 0/29 HPs)
             Began as a Formicid Fighter on Jan 4, 2022.
             Slain by a scorpion (8 damage)
             ... on level 2 of the Dungeon.
             The game lasted 00:01:22 (1401 turns).

Warped the Shield-Bearer (Formicid Fighter)         Turns: 1401, Time: 00:01:23

Health: 0/29       AC:  8    Str: 22    XL:     3   Next: 47%
Magic:  3/3        EV:  9    Int:  7    God:
Gold:   60         SH:  4    Dex: 10    Spells: 2/2 levels left

rFire   . . .      SeeInvis +   a - +0 quarterstaff
rCold   . . .      Faith    .   c - +0 buckler
rNeg    . . .      Spirit   .   b - +0 scale mail
rPois   .          Reflect  .   (helmet unavailable)
rElec   .          Harm     .   (no cloak)
rCorr   .          Rampage  .   (no gloves)
Will    .....                   (no boots)
Stlth   ..........              (no amulet)
HPRegen 0.09/turn               (no ring)
MPRegen 0.08/turn               (no ring)

@: mighty, brilliant
A: permanent stasis, dig shafts and tunnels, antennae 3, four strong arms,
iridescent scales 1
a: Dig, Shaft Self


You were on level 2 of the Dungeon.
You visited 1 branch of the dungeon, and saw 2 of its levels.

You collected 60 gold pieces.

Inventory:

Hand Weapons
 a - a +0 quarterstaff (weapon)
 i - a +0 great sword
Missiles
 e - 31 stones
 g - 40 sling bullets
 o - 11 poisoned darts
Armour
 b - a +0 scale mail (worn)
 c - a +0 buckler (worn)
 h - a +0 plate armour
Scrolls
 l - a scroll of immolation {unknown}
 m - a scroll of noise {unknown}
 n - a scroll of enchant weapon {unknown}
 p - a scroll of fog {unknown}


   Skills:
 - Level 3.2 Fighting
 + Level 3.6 Staves
 - Level 3.2 Armour
 - Level 3.6 Shields


You had 2 spell levels left.
You didn't know any spells.
Your spell library contained the following spells:

 Spells                   Type           Power      Damage    Failure   Level
 Pain                     Necr           0%         1d4       77%         1
 Agony                    Necr           0%         N/A       100%        5
 Excruciating Wounds      Necr           0%         N/A       100%        5


Dungeon Overview and Level Annotations

Branches:
Dungeon (2/15)

Altars:


Innate Abilities, Weirdness & Mutations

You cannot be hasted, slowed, berserked, paralysed or teleported.
You can dig through walls and to a lower floor.
You have a pair of large antennae on your head. (SInv)
Your four strong arms can wield two-handed weapons with a shield.
You are partially covered in iridescent scales. (AC +2)


Message History

The endoplasm quivers.
There are monsters nearby!
Found a tiny diamond amulet.
The endoplasm hits you.
There are monsters nearby!
You hit the endoplasm but do no damage. The endoplasm hits you.
You sock the endoplasm!
You kill the endoplasm!
The endoplasm jiggles.
The scorpion stings you.
You are poisoned.
The scorpion poisons you!
You feel very sick. The scorpion stings you.
You feel sick.
There is a fountain of clear blue water here.
You feel sick.
You feel sick.
You feel sick.
You feel sick.
The scorpion stings you but does no damage.
You closely miss the scorpion.
You feel sick.
The scorpion stings you but does no damage.
You hit the scorpion.
The scorpion is lightly wounded.
You feel sick. The scorpion stings you.
* * * LOW HITPOINT WARNING * * *
It was a potion of mutation.
You feel extremely strange.
Iridescent scales grow over part of your body.
You feel sick.
You are no longer poisoned.
You block the scorpion's attack.
You feel very mighty all of a sudden. The scorpion stings you.
* * * LOW HITPOINT WARNING * * *
The scorpion closely misses you.
It was a potion of brilliance.
You feel clever all of a sudden.
The scorpion stings you but does no damage.
It was a potion of curing.
You feel better. The scorpion stings you!
You die...

###### #Js@.# ##.##.#
###...#... .
#...⌠.##.## ...
#.#....### #..
##.##...#
##..######..##....#
.............##.......
...#....#####.>.⌠.>.


You could see a scorpion and an endoplasm.

Vanquished Creatures
  A worm (D:2)
  5 bats
  4 endoplasms
  2 giant cockroaches (D:1)
  2 goblins (D:1)
  2 hobgoblins
  5 kobolds
  A quokka (D:1)
  2 ball pythons
  2 frilled lizards
  3 rats (D:1)
29 creatures vanquished.

Notes
Turn   | Place    | Note
-------+----------+-------------------------------------------
     0 | D:1      | Warped the Formicid Fighter began the quest for the Orb.
     0 | D:1      | Reached XP level 1. HP: 18/18 MP: 1/1
   299 | D:1      | Reached XP level 2. HP: 21/24 MP: 2/2
   778 | D:1      | Reached XP level 3. HP: 18/29 MP: 3/3
  1386 | D:2      | Noticed a scorpion
  1398 | D:2      | Gained mutation: You are partially covered in iridescent
                  | scales. (AC +2) [potion of mutation]
  1401 | D:2      | Slain by a scorpion

Illustrated notes

Levels and vault maps discovered:
D:1:      evilmike_arrival_rings, layout_basic, minivault_23
D:2:      layout_basic, basic_ecumenical_altar, grunt_ministairs_13,
          guppyfry_early_lair_pool

Skill      XL: |  1  2 |
---------------+-------+-----
Staves         | 3 |  3.6
Fighting       | |  3.2
Armour         | |  3.2
Shields        | |  3.6

Action                   || total
-------------------------++-------
Melee: Quarterstaff      ||    80
  Use: Potion            ||     4
Armor: Scale mail        ||    30
Dodge: Dodged            ||    32
Block: Buckler           ||    20

Table legend: (Time is in decaauts)
 A = Elapsed time spent in this place.
 B = Non-inter-level travel time spent in this place.
 C = Inter-level travel time spent in this place.
 D = Time resting spent in this place.
 E = Time spent auto-exploring this place.
 F = Levels seen in this place.
 G = Mean time per level.
                   A        B        C        D        E       F      G
               +--------+--------+--------+--------+--------+-----+--------+
         Total |   1412 |   1368 |     44 |      0 |   1129 |   2 |  706.0 |
       Dungeon |   1412 |   1368 |     44 |      0 |   1129 |   2 |  706.0 |
               +--------+--------+--------+--------+--------+-----+--------+

Top non-repeatable levels by time:
     D:1: 1026 daAuts
     D:2: 386 daAuts
